 Dungeon Crawl Stone Soup version 0.25.0-11-g1f837a76a1 (webtiles) character file.

Game seed: 1081456547082573770

60 Ge0ff the Sneak (level 3, -4/16 HPs)
             Began as a Spriggan Enchanter on June 24, 2020.
             Killed from afar by Sigmund (11 damage)
             ... with a puff of flame
             ... on level 2 of the Dungeon.
             The game lasted 00:07:04 (2076 turns).

Ge0ff the Sneak (Spriggan Enchanter)                Turns: 2076, Time: 00:07:05

Health: -4/16      AC:  2    Str:  4    XL:     3   Next: 82%
Magic:  7/8        EV: 18    Int: 17    God:
Gold:   59         SH:  0    Dex: 16    Spells: 5/8 levels left

rFire    . . .     SeeInvis +   a - +1 dagger
rCold    . . .     Gourm    .   (shield restricted)
rNeg     . . .     Faith    .   b - +0 robe
rPois    .         Spirit   .   (helmet restricted)
rElec    .         Reflect  .   (no cloak)
rCorr    +         Harm     .   (gloves unavailable)
MR       .....                  (boots unavailable)
Stlth    +++.......             (no amulet)
HPRegen  0.05/turn              (no ring)
MPRegen  0.11/turn              x - ring of resist corrosion {=R}

@: very quick
A: very small, unfitting armour, see invisible, herbivore, speed 3, slow
metabolism 2
a: no special abilities


You were on level 2 of the Dungeon.
You were not hungry.

You visited 1 branch of the dungeon, and saw 2 of its levels.

You collected 59 gold pieces.

Inventory:

Hand Weapons
 a - a +1 dagger (weapon)
Missiles
 v - 43 arrows
Armour
 b - a +0 robe (worn)
Jewellery
 s - an uncursed ring of teleportation
 x - a ring of resist corrosion (right hand) {=R}
Scrolls
 t - a scroll of fog {unknown}
 y - a scroll of immolation
 A - a scroll of noise {unknown}
 C - a scroll of remove curse
Potions
 q - a potion of curing
 B - a potion of stabbing {unknown}
Comestibles
 r - 8 rations


   Skills:
 * Level 2.0 Short Blades
 - Level 3.0 Dodging
 + Level 5.0 Stealth
 + Level 3.4 Spellcasting
 * Level 4.4 Hexes
 + Level 0.5 Ice Magic


You had 5 spell levels left.
You knew the following spells:

 Your Spells              Type           Power        Failure   Level  Hunger
a - Corona                Hex            ###....      2%          1    None
k - Ensorcelled Hibernat  Hex/Ice        ##....       9%          2    ##.....

Your spell library contained the following spells:

 Spells                   Type           Power        Failure   Level  Hunger
 Confusing Touch          Hex            ###.....     9%          3    ###....
 Tukima's Dance           Hex            ###.....     9%          3    ###....
 Dazzling Flash           Conj/Hex       ##....       21%         3    ###....


Dungeon Overview and Level Annotations

Branches:
Dungeon (2/15)

Altars:
Trog

Annotations:
D:2 Sigmund


Innate Abilities, Weirdness & Mutations

You are very small and have problems with some larger weapons.
You are too small for most types of armour.
You have supernaturally acute eyesight. (SInv)
You are a herbivore.
You cover ground extremely quickly.
You need to consume almost no food.


Message History

Sigmund gestures at you while chanting. The puff of flame hits you!
Ouch! That really hurt!
You feel less confused.
Casting: Ensorcelled Hibernation (safe; 9% risk of failure)
Confirm with . or Enter, or press ? or * to list all spells.
Aiming: Ensorcelled Hibernation (safe; 9% risk of failure)
Press: ? - help, Shift-Dir - straight line, f - you, p - Sigmund
Okay, then.
Sigmund casts a spell.
Sigmund flickers and vanishes for a moment.
Casting: Ensorcelled Hibernation (safe; 9% risk of failure)
Confirm with . or Enter, or press ? or * to list all spells.
Aiming: Ensorcelled Hibernation (safe; 9% risk of failure)
Press: ? - help, Shift-Dir - straight line, p - Sigmund
Okay, then.
Sigmund casts a spell at you. The puff of flame hits you!
Ouch! That really hurt!
You die...

...##.## #(##.....>...#
#...#
.#..#..#.b..##.#.......#
###†## .##.K....#
#.#.......# #...# .?.##...##
..........###.###
#...#.....) .###...........#
..@........#####........####
......####.............##
.###....########>......# ##
...#.# ##@......# .. .###.#
###.....#### ### #.#
##...##### # #.# #..### #
#.####.## #...@..# ########


You could see Sigmund (invisible).

Vanquished Creatures
  2 adders (D:2)
  A worm (D:2)
  A dart slug (D:1)
  2 leopard geckos (D:1)
  A ball python (D:1)
  6 bats
  3 giant cockroaches (D:1)
  2 goblins (D:2)
  6 hobgoblins
  3 kobolds
  A quokka (D:2)
  A frilled lizard (D:2)
  2 rats
31 creatures vanquished.

Vanquished Creatures (others)
  4 toadstools (D:1)
4 creatures vanquished.

Grand Total: 35 creatures vanquished

Notes
Turn   | Place    | Note
-------+----------+-------------------------------------------
     0 | D:1      | Ge0ff the Spriggan Enchanter began the quest for the Orb.
     0 | D:1      | Reached XP level 1. HP: 9/9 MP: 5/5
   279 | D:1      | Reached XP level 2. HP: 7/13 MP: 5/7
   283 | D:1      | Learned a level 2 spell: Ensorcelled Hibernation
  1533 | D:2      | Found a bloodstained altar of Trog.
  1537 | D:2      | Reached XP level 3. HP: 16/16 MP: 8/8
  1845 | D:2      | Noticed Sigmund
  1877 | D:2      | Reached skill level 5 in Stealth
  2076 | D:2      | Killed from afar by Sigmund

Illustrated notes

Levels and vault maps discovered:
D:1:      ldierk_water_garden, layout_basic
D:2:      layout_rooms, tso_altar, bloody_trog,
          chequers_ecumenical_altar_simple_redux, first_ration,
          minmay_tiny_reverse_x, uniq_sigmund

Skill      XL: |  1  2  3 |
---------------+----------+-----
Spellcasting   | 3 |  3.4
Hexes          | 4 |  4.4
Short Blades   | 2 |  2.0
Stealth        | 5 |  5.0
Dodging        | |  3.0
Ice Magic      | |  0.5

Action                   || total
-------------------------++-------
Melee: Dagger            ||   115
 Cast: Corona            ||     4
       Ensorcelled Hiber ||    18
  Use: Scroll            ||     3
 Stab: Sleeping          ||    18
Armor: Robe              ||    13
Dodge: Dodged            ||   108

Levels and vault maps discovered:
D:1:      ldierk_water_garden, layout_basic
D:2:      layout_rooms, tso_altar, bloody_trog,
          chequers_ecumenical_altar_simple_redux, first_ration,
          minmay_tiny_reverse_x, uniq_sigmund
